 Dungeon Crawl Stone Soup version 0.20.1-1-g8b1a95d (webtiles) character file.

1084 Zachthehappycat the Sneak (level 8, -3/36 HPs)
             Began as a Spriggan Enchanter on July 26, 2017.
             Was an Initiate of Vehumet.
             Slain by equalderp2856's ghost (18 damage)
             ... on level 5 of the Dungeon.
             The game lasted 00:25:26 (4535 turns).

Zachthehappycat the Sneak (Spriggan Enchanter)      Turns: 4535, Time: 00:25:27

Health: -3/36      AC:  2    Str:  4    XL:     8   Next: 8%
Magic:  6/17       EV: 23    Int: 17    God:    Vehumet [......]
Gold:   329        SH:  0    Dex: 18    Spells: 6/18 levels left

rFire    + . .     SeeInvis +   g - +2 dagger (venom)
rCold    . . .     Gourm    .   (shield restricted)
rNeg     . . .     Faith    .   s - +0 robe {rF+}
rPois    .         Spirit   .   (helmet restricted)
rElec    .         Reflect  .   (no cloak)
rCorr    .         Harm     .   (gloves unavailable)
MR       +....                  (boots unavailable)
Stlth    ++++......             i - amulet of regeneration
Regen    0.6/turn               (no ring)
MPRegen  0.2/turn               (no ring)

@: very quick
A: unfitting armour, see invisible, herbivore 3, speed 3, slow metabolism 2
a: Renounce Religion


You were on level 5 of the Dungeon.
You worshipped Vehumet.
Vehumet was noncommittal.
You were full.

You visited 2 branches of the dungeon, and saw 6 of its levels.

You collected 329 gold pieces.

Inventory:

Hand Weapons
 b - a +0 hand crossbow
 g - a +2 dagger of venom (weapon)
Missiles
 e - 212 stones (quivered)
 u - 26 bolts
Armour
 s - a +0 robe of fire resistance (worn)
Jewellery
 i - an amulet of regeneration (around neck)
Wands
 j - a wand of paralysis (8/24)
 q - a wand of flame (16/48)
 v - a wand of lightning (7/15)
Scrolls
 a - 5 scrolls of immolation {unknown}
 f - a scroll of enchant weapon {unknown}
 h - 4 scrolls of teleportation {unknown}
 l - 6 scrolls of identify {unknown}
 n - a scroll of noise {unknown}
 o - a scroll of magic mapping {unknown}
 r - a scroll of recharging {unknown}
 t - a scroll of fog {unknown}
 w - 3 scrolls of remove curse {unknown}
Books
 c - a book of Maledictions

   Spells                             Type                      Level
   a - Corona                         Hexes                        1
   b - Ensorcelled Hibernation        Hexes/Ice                    2
   c - Confuse                        Hexes                        3
   d - Tukima's Dance                 Hexes                        3
   e - Dazzling Spray                 Conjuration/Hexes            3
 x - a book of Misfortune

   Spells                             Type                      Level
   a - Confusing Touch                Hexes                        1
   b - Confuse                        Hexes                        3
   c - Gell's Gravitas                Translocation                3
   d - Petrify                        Transmutation/Earth          4
   e - Metabolic Englaciation         Hexes/Ice                    5
   f - Yara's Violent Unravelling     Hexes/Transmutation          5
Comestibles
 d - 7 bread rations
 k - 6 fruits
 p - a royal jelly


   Skills:
 + Level 4.7 Short Blades
 + Level 6.8 Dodging
 + Level 7.7 Stealth
 + Level 5.8 Spellcasting
 + Level 6.1 Hexes


You had 6 spell levels left.
You knew the following spells:

 Your Spells              Type           Power        Failure   Level  Hunger
a - Corona                Hex            ####...      1%          1    None
b - Dazzling Spray        Conj/Hex       ###...       11%         3    ##.....
c - Confuse               Hex            ####....     3%          3    ##.....
e - Yara's Violent Unrav  Hex/Tmut       ###.......   71%         5    #####..


Dungeon Overview and Level Annotations

Branches:
Dungeon (5/15)             Temple (1/1) D:4

Altars:
Ashenzari
Cheibriados
Dithmenos
Elyvilon
Kikubaaqudgha
Makhleb
Okawaru
Qazlal
Ru
Sif Muna
Trog
Uskayaw
Vehumet
Xom
Zin
The Shining One

Annotations:
D:5 equalderp2856's ghost, novice MiFi


Innate Abilities, Weirdness & Mutations

You are very small and have problems with some larger weapons.
You are too small for most types of armour.
You have supernaturally acute eyesight. (SInv)
You are a herbivore.
You cover ground extremely quickly.
You need consume almost no food.


Message History

Equalderp2856's ghost is severely damaged.
You hit equalderp2856's ghost but do no damage.
Equalderp2856's ghost is severely damaged.
Equalderp2856's ghost hits you!!
Ouch! That really hurt!
* * * LOW HITPOINT WARNING * * *
There is an open door here.
There is an open door here.
You open the door.
There is an open door here.
There is an open door here.
Found 8 gold pieces.
You see here 8 gold pieces.
You now have 329 gold pieces (gained 8).
Equalderp2856's ghost keens inconsolably.
You open the door.
Equalderp2856's ghost wails.
Equalderp2856's ghost hits you!!
Ouch! That really hurt!
You die...

...#..........# #..'......
...#..........# #..#......
'###..........# ####.........
..............####........#######
..............#..+........#
..............#..#........#
..............#..#........#
..............##'#........#
...###'###......@.........#
...#.....#.....W..........#
####.....#..............
#.....#..............
#.....#..............
#######..............
###############


You could see equalderp2856's ghost.

Vanquished Creatures
  The ghost of Starchild the Transmogrifier, a novice DrTm of Qazlal (D:4)
  Sigmund (D:3)
  An ice beast (D:5)
  A centaur (D:5)
  A centaur zombie (D:5)
  A crimson imp (D:5)
  2 bullfrog skeletons
  3 hounds
  3 worker ants
  7 gnolls (D:4)
  5 adders
  An ooze (D:1)
  2 worms (D:2)
  A dart slug (D:1)
  2 leopard geckos
  3 orcs (D:3)
  A giant cockroach (D:1)
  7 goblins
  7 hobgoblins
  6 kobolds
  A quokka (D:5)
  A ball python (D:5)
  5 bats
  3 frilled lizards
  12 rats
78 creatures vanquished.

Notes
Turn   | Place    | Note
-------+----------+-------------------------------------------
     0 | D:1      | Zachthehappycat the Spriggan Enchanter began the quest for the Orb.
     0 | D:1      | Reached XP level 1. HP: 9/9 MP: 5/5
   215 | D:1      | Reached XP level 2. HP: 5/13 MP: 4/6
  1289 | D:2      | Reached XP level 3. HP: 10/16 MP: 6/8
  1689 | D:2      | Found a hide-covered altar of Uskayaw.
  1719 | D:2      | Reached skill level 5 in Stealth
  1724 | D:2      | Learned a level 3 spell: Dazzling Spray
  1728 | D:2      | Learned a level 3 spell: Confuse
  1839 | D:2      | Reached XP level 4. HP: 21/21 MP: 9/9
  2143 | D:3      | Noticed Sigmund
  2171 | D:3      | Killed Sigmund
  2171 | D:3      | Reached XP level 5. HP: 9/24 MP: 9/12
  2204 | D:3      | Learned a level 2 spell: Ensorcelled Hibernation
  2585 | D:3      | Found a sacrificial altar of Ru.
  2606 | D:3      | Became a worshipper of Ru the Awakened
  2932 | D:4      | Reached skill level 6 in Stealth
  2932 | D:4      | Reached skill level 5 in Hexes
  2932 | D:4      | Reached XP level 6. HP: 22/28 MP: 13/13
  3118 | D:4      | Reached skill level 5 in Dodging
  3152 | D:4      | Noticed Starchild's ghost (novice DrTm)
  3181 | D:4      | Killed Starchild's ghost
  3181 | D:4      | Reached XP level 7. HP: 32/32 MP: 1/15
  3269 | D:4      | Reached skill level 5 in Spellcasting
  3454 | D:4      | Found a snail-covered altar of Cheibriados.
  3511 | D:4      | Reached skill level 7 in Stealth
  3641 | D:4      | Found a staircase to the Ecumenical Temple.
  3652 | Temple   | Entered the Ecumenical Temple
  3710 | Temple   | Fell from the grace of Ru
  3710 | Temple   | Became a worshipper of Vehumet
  3762 | D:5      | Entered Level 5 of the Dungeon
  4095 | D:5      | Found a deep blue altar of Sif Muna.
  4178 | D:5      | Learned a level 5 spell: Yara's Violent Unravelling
  4364 | D:5      | Reached XP level 8. HP: 36/36 MP: 17/17
  4417 | D:5      | Noticed equalderp2856's ghost (novice MiFi)
  4535 | D:5      | Slain by equalderp2856's ghost

Skill      XL: |  1  2  3  4  5  6  7 |
---------------+----------------------+-----
Hexes          | 4 5 6 |  6.1
Spellcasting   | 3 4 5 |  5.8
Short Blades   | 2 3 4 |  4.7
Stealth        | 5 6 7 |  7.7
Dodging        | 4 5 6 |  6.8

Action                   |  1- 3 |  4- 6 |  7- 9 || total
-------------------------+-------+-------+-------++-------
Melee: Dagger            |    96 |    84 |   134 ||   314
Throw: Stone             |     3 |       |       ||     3
 Cast: Corona            |     4 |     5 |     1 ||    10
       Confuse           |       |     8 |     3 ||    11
       Ensorcelled Hiber |       |       |     4 ||     4
       Dazzling Spray    |       |       |     7 ||     7
  Use: Potion            |       |     3 |     1 ||     4
       Scroll            |       |       |     1 ||     1
 Stab: Sleeping          |    11 |     6 |     3 ||    20
       Confused          |       |     6 |     2 ||     8
       Invisible         |       |       |     2 ||     2
  Eat: Bread ration      |       |       |     1 ||     1
       Fruit             |       |       |     1 ||     1
Armor: Robe              |     3 |     3 |       ||     6
Dodge: Dodged            |    60 |    62 |    82 ||   204
